 Dungeon Crawl Stone Soup version 0.21-a0-442-g848f44b (webtiles) character file.

44479 Ijustatesigmund the Commander (level 14, -16/151 HPs)
             Began as an Octopode Artificer on Nov 14, 2017.
             Was a High Priest of Okawaru.
             Demolished by an orc knight
             ... wielding a +0 battleaxe
              (50 damage)
             ... on level 2 of the Orcish Mines.
             The game lasted 01:05:32 (24587 turns).

Ijustatesigmund the Commander (Octopode Artificer) Turns: 24587, Time: 01:05:34

Health: -16/151    AC:  2    Str: 21    XL:     14   Next: 28%
Magic:  24/24      EV: 25    Int: 16    God:    Okawaru [*****.]
Gold:   1546       SH:  9    Dex: 17    Spells: 13/13 levels left

rFire    . . .     SeeInvis .   B - +6 flail of Purpose {drain, *Contam +Blink Str+3 Int+2}
rCold    . . .     Gourm    .   r - +3 buckler
rNeg     . . .     Faith    .   D - +1 hat of Satosuc {Str+2}
rPois    .         Spirit   .   P - amulet of rage
rElec    .         Reflect  .   k - +2 ring of evasion
rCorr    .         Harm     .   C - +5 ring of evasion
MR       +++..                  (no ring)
Stlth    ..........             (no ring)
HPRegen  0.35/turn              (no ring)
MPRegen  0.19/turn              (no ring)
                                (no ring)
                                (no ring)

@: berserking, very quick
A: almost no armour, stealthy swim, amphibious, 8 rings, constrict 8, camouflage
1, blink, magic resistance 2, wild magic 1, gelatinous body 1
a: Blink, Heroism, Finesse, Renounce Religion, Evoke Blink, Evoke Berserk Rage


You were on level 2 of the Orcish Mines.
You worshipped Okawaru.
Okawaru was extremely pleased with you.
You were very hungry.

You visited 4 branches of the dungeon, and saw 18 of its levels.

You collected 1691 gold pieces.
You spent 145 gold pieces at shops.

Inventory:

Hand Weapons
 B - the +6 flail of Purpose (weapon) {drain, *Contam +Blink Str+3 Int+2}
   (Okawaru gifted it to you on level 2 of the Orcish Mines)

   A truly terrible weapon, it drains the life of those it strikes.
   It affects your strength (+3).
   It affects your intelligence (+2).
   It lets you blink.
   It causes magical contamination when unequipped.
 K - a +0 whip of freezing
 M - a +2 morningstar of draining
Missiles
 y - 6 javelins (quivered)
Armour
 r - a +3 buckler (worn)
 w - the +0 buckler of Parts Unknown {rPois rN+ Str+3}
   (You acquired it on level 10 of the Dungeon)

   It affects your strength (+3).
   It protects you from poison.
   It protects you from negative energy.
 D - the +1 hat of Satosuc (worn) {Str+2}
   (Okawaru gifted it to you on level 3 of the Lair of Beasts)

   It affects your strength (+2).
Jewellery
 k - a +2 ring of evasion (left tentacle)
 m - an uncursed amulet of guardian spirit
 C - a +5 ring of evasion (right tentacle)
 E - an uncursed ring of ice
 P - an amulet of rage (around mantle)
Wands
 b - a wand of flame (14/48)
 c - a wand of enslavement (11/24)
 d - a wand of paralysis (13/24)
 l - a wand of lightning (0/15)
 p - a wand of enslavement (6/24)
 x - a wand of lightning (4/15)
 z - a wand of scattershot (3/9)
 G - a wand of acid (0/15)
 L - a wand of disintegration (15/24)
 R - a wand of acid (9/15)
Scrolls
 n - 2 scrolls of fog
 t - 6 scrolls of amnesia
 A - 4 scrolls of remove curse
 F - a scroll of blinking
 H - a scroll of enchant weapon
 N - a scroll of identify
 Q - 2 scrolls of teleportation
 S - a scroll of enchant armour
Potions
 e - 2 potions of lignification
 h - 5 potions of curing
 j - 2 potions of agility
 o - a potion of mutation
 q - 4 potions of brilliance
 s - 2 potions of flight
 u - a potion of magic
 v - 3 potions of haste
 I - 2 potions of cancellation
 U - 2 potions of might
Miscellaneous
 V - a lightning rod (4/4)
Comestibles
 f - 3 bread rations
 i - 4 meat rations


   Skills:
 + Level 11.1 Fighting
   Level 1.0 Short Blades
 - Level 9.8 Maces & Flails
 - Level 7.0 Dodging
 - Level 12.3 Stealth
 - Level 7.2 Shields
 + Level 13.9 Invocations
 - Level 6.6 Evocations


You had 13 spell levels left.
You didn't know any spells.

Dungeon Overview and Level Annotations

Branches:
Dungeon (11/15)            Temple (1/1) D:4            Lair (4/6) D:9
 Shoals (0/4) Lair:3        Snake (0/4) Lair:2          Orc (2/2) D:11
    Elf (0/3) Orc:2

Altars:
Ashenzari
Cheibriados
Dithmenos
Elyvilon
Fedhas
Gozag
Hepliaklqana
Kikubaaqudgha
Makhleb
Nemelex Xobeh
Okawaru
Qazlal
Ru
Sif Muna
Trog
Uskayaw
Vehumet
Wu Jian
Xom
Yredelemnul
Zin
The Shining One
Beogh

Shops:
D:7 [   D:11 ([   Orc:2 [*

Annotations:
Lair:4 exclusion: oklob plant


Innate Abilities, Weirdness & Mutations

You cannot wear most types of armour.
You are very stealthy in the water. (Stealth+)
You are amphibious.
You can wear up to eight rings at the same time.
You can use your tentacles to constrict eight enemies at once.
Your skin changes colour to match your surroundings (Stealth+).
Your rubbery body absorbs attacks. (AC +1, EV +1)
You can translocate small distances at will.
You are highly resistant to hostile enchantments. (MR++)
Your spells are a little harder to cast, but a little more powerful.


Message History

You block the orc knight's attack.
You thump the orc knight! You grab the orc knight.
The orc knight is moderately wounded.
You constrict the orc knight.
You constrict the orc knight, but do no damage.
The orc knight hits you with a great sword!
The orc knight completely misses you.
You hit the orc knight but do no damage.
You squeeze the orc knight, but do no damage.
The orc knight is moderately wounded.
You constrict the orc knight. x2
The orc knight hits you with a great sword!!!
* * * LOW HITPOINT WARNING * * *
A red film seems to cover your vision as you go berserk!
You feel yourself moving faster!
You feel mighty!
You are feeling very hungry.
You constrict the orc knight!
You constrict the orc knight, but do no damage.
The orc knight hits you with a battleaxe!!!
You die...

#.###+########.......
#.....#.....#........
#####.#)....#....<...
#∩..#.').⌠..#........
#...')#))...#........
#...#)#.....#........
#####.###+###......##
#..o#.# .......###
#..o@.# ........##.
#∩..#.# .......####
#####+# .....###.##
... #.... ....#....
......... .....#...
........) .......).


You could see 2 orc knights.

Vanquished Creatures
  The ghost of Moloch the Impaler, a journeyman DsFi of Okawaru (Lair:4)
  Harold (Lair:3)
  Fannar (Lair:1)
  A hydra (Lair:3)
  7 two-headed ogres
  An orc high priest (Orc:2)
  2 unseen horrors (D:10)
  An orc knight (Orc:2)
  A cyclops (D:11)
  4 orc sorcerers
  An ugly thing (D:11)
  3 black mambas
  8 spiny frogs
  2 rime drakes
  8 trolls
  5 hippogriffs
  4 blink frogs (Lair:4)
  A snapping turtle (Lair:3)
  A vampire (D:11)
  2 wyverns
  21 yaks
  4 basilisks
  A warg (Orc:2)
  A soldier ant (D:11)
  8 porcupines
  10 water moccasins
  A black bear (Lair:2)
  31 orc warriors
  3 sky beasts
  A necrophage (D:6)
  2 phantoms
  6 killer bees
  A centaur (D:9)
  13 ogres
  6 crocodiles
  A big kobold (D:7)
  18 bullfrogs
  A gnoll sergeant (D:8)
  3 scorpions
  A water moccasin skeleton (D:8)
  3 electric eels
  6 howler monkeys
  A bullfrog zombie (D:9)
  6 crimson imps
  2 quasits
  A gnoll shaman (D:8)
  21 orc wizards
  2 centaur zombies (D:6)
  4 hounds
  3 jellies
  26 orc priests
  2 bullfrog skeletons
  4 centaur skeletons
  Terence (D:2)
  4 worker ants
  2 hound skeletons (D:10)
  A worker ant zombie (D:6)
  7 gnolls
  17 adders
  2 shadow imps
  2 worms (D:2)
  3 dart slugs
  4 leopard geckos
  112 orcs
  9 bats
  6 giant cockroaches
  8 goblins
  8 hobgoblins
  8 jackals
  5 quokkas
  2 ball pythons
  4 frilled lizards
  A jackal skeleton (D:9)
  8 kobolds
  12 rats
495 creatures vanquished.

Vanquished Creatures (collateral kills)
  A centaur (D:5)
  A hound (D:8)
  3 gnolls (D:8)
  An adder (D:2)
  An orc (D:8)
7 creatures vanquished.

Vanquished Creatures (others)
  A porcupine (Lair:2)
  An orc warrior (D:9)
  A bullfrog (Lair:2)
  2 killer bees (D:7)
  A gnoll (D:8)
  An orc (D:8)
  5 fungi
  A plant (Lair:1)
13 creatures vanquished.

Grand Total: 515 creatures vanquished

Notes
Turn   | Place    | Note
-------+----------+-------------------------------------------
     0 | D:1      | Ijustatesigmund the Octopode Artificer began the quest for the Orb.
     0 | D:1      | Reached XP level 1. HP: 13/13 MP: 3/3
   304 | D:1      | Reached XP level 2. HP: 19/19 MP: 4/4
   448 | D:1      | Reached XP level 3. HP: 21/25 MP: 5/5
  1495 | D:2      | Reached skill level 1 in Maces & Flails
  1534 | D:2      | Found a burning altar of Makhleb.
  1534 | D:2      | Noticed a green death
  1594 | D:2      | Reached XP level 4. HP: 28/31 MP: 6/6
  1930 | D:2      | Noticed Terence
  2954 | D:3      | Reached XP level 5. HP: 34/37 MP: 7/7
  3314 | D:2      | Killed Terence
  3317 | D:2      | Found a deep blue altar of Sif Muna.
  3588 | D:2      | Reached XP level 6. HP: 37/44 MP: 6/8
  3792 | D:4      | Found a sparkling altar of Nemelex Xobeh.
  3858 | D:4      | Gained mutation: You can translocate small distances at will. [potion of mutation]
  3858 | D:4      | Gained mutation: You are resistant to hostile enchantments. (MR+) [potion of mutation]
  3858 | D:4      | Gained mutation: You are highly resistant to hostile enchantments. (MR++) [potion of mutation]
  3858 | D:4      | Gained mutation: Your spells are a little harder to cast, but a little more powerful. [potion of mutation]
  3867 | D:4      | Found a staircase to the Ecumenical Temple.
  3903 | D:4      | Reached skill level 1 in Shields
  4731 | D:5      | Entered Level 5 of the Dungeon
  4737 | D:5      | Found a blossoming altar of Fedhas.
  4997 | D:5      | Reached skill level 5 in Fighting
  5171 | D:5      | Reached XP level 7. HP: 50/50 MP: 9/9
  5176 | D:5      | Found a snail-covered altar of Cheibriados.
  5179 | D:5      | Found a glowing silver altar of Zin.
  5180 | D:5      | Found a glowing golden altar of the Shining One.
  5180 | D:5      | Found a hide-covered altar of Uskayaw.
  5180 | D:5      | Found a radiant altar of Vehumet.
  5182 | D:5      | Found a shimmering altar of Xom.
  5215 | Temple   | Entered the Ecumenical Temple
  5826 | D:5      | Found an iron altar of Okawaru.
  5826 | D:5      | Found a bloodstained altar of Trog.
  5840 | D:5      | Became a worshipper of Warmaster Okawaru
  6362 | D:6      | Reached skill level 1 in Invocations
  6714 | D:6      | Reached skill level 2 in Invocations
  6795 | D:6      | Reached XP level 8. HP: 33/54 MP: 8/10
  6804 | D:6      | Reached * piety under Okawaru
  7073 | D:6      | Reached skill level 5 in Maces & Flails
  7073 | D:6      | Reached skill level 3 in Invocations
  7691 | D:7      | Noticed a two-headed ogre
  8372 | D:7      | Reached skill level 4 in Invocations
  9176 | D:7      | Noticed a troll
  9188 | D:7      | Found a basalt altar of Yredelemnul.
  9551 | D:7      | Found Erytrean's Armour Shop.
 10060 | D:8      | Reached skill level 5 in Invocations
 10060 | D:8      | Reached XP level 9. HP: 61/61 MP: 9/12
 10320 | D:8      | Reached ** piety under Okawaru
 10597 | D:8      | Reached skill level 6 in Invocations
 11441 | D:9      | Killed a troll
 11676 | D:9      | Identified Ifues's Catalogue of Spatial Arcane Weapons
 11724 | D:9      | Noticed a two-headed ogre
 11733 | D:9      | Killed a two-headed ogre
 11733 | D:9      | Reached *** piety under Okawaru
 11733 | D:9      | Reached skill level 5 in Stealth
 11733 | D:9      | Reached skill level 7 in Invocations
 11733 | D:9      | Reached XP level 10. HP: 59/71 MP: 12/15
 12241 | D:9      | Found a staircase to the Lair.
 12436 | Lair:1   | Entered Level 1 of the Lair of Beasts
 12555 | Lair:1   | Noticed Fannar
 12561 | Lair:1   | Reached skill level 8 in Invocations
 12565 | Lair:1   | Reached **** piety under Okawaru
 12584 | Lair:1   | Killed Fannar
 12593 | Lair:1   | Noticed a spiny frog
 12866 | Lair:1   | Noticed a spiny frog
 12873 | Lair:1   | Killed a spiny frog
 12873 | Lair:1   | Reached XP level 11. HP: 77/77 MP: 17/17
 12905 | Lair:1   | Reached skill level 5 in Evocations
 13225 | Lair:1   | Reached ***** piety under Okawaru
 13454 | Lair:2   | Reached skill level 9 in Invocations
 14055 | Lair:2   | Found a staircase to the Snake Pit.
 14261 | Lair:2   | Received a gift from Okawaru
 14266 | Lair:2   | Got a shimmering quarterstaff {god gift}
 14272 | Lair:2   | Identified the +3 quarterstaff of Tortfeasance {pain, rF+ rC+ Int+4 Dex-4} (Okawaru gifted it to you on level 2 of the Lair of Beasts)
 15880 | Lair:2   | Reached XP level 12. HP: 85/85 MP: 19/19
 15895 | Lair:3   | Noticed an eight-headed hydra
 15904 | Lair:3   | Killed an eight-headed hydra
 15904 | Lair:3   | Reached skill level 10 in Invocations
 16057 | Lair:3   | Received a gift from Okawaru
 16060 | Lair:3   | Got a dazzling hat {god gift}
 16066 | Lair:3   | Identified the +1 hat of Satosuc {Str+2} (Okawaru gifted it to you on level 3 of the Lair of Beasts)
 16095 | Lair:3   | Found a staircase to the Shoals.
 16157 | Lair:3   | Reached XP level 13. HP: 88/90 MP: 20/20
 16195 | Lair:3   | Noticed Harold
 16207 | Lair:3   | Killed Harold
 16262 | Lair:3   | Found a hazy altar of Hepliaklqana.
 17160 | Lair:4   | Reached skill level 11 in Invocations
 17316 | Lair:4   | Noticed Moloch's ghost (journeyman DsFi)
 17330 | Lair:4   | Killed Moloch's ghost
 17330 | Lair:4   | Reached skill level 10 in Stealth
 18197 | D:10     | Entered Level 10 of the Dungeon
 19117 | D:10     | Identified a scroll of acquirement
 19120 | D:10     | Got a jewelled buckler
 19131 | D:10     | Identified the +0 buckler of Parts Unknown {rPois rN+ Str+3} (You acquired it on level 10 of the Dungeon)
 19281 | D:10     | Reached skill level 12 in Invocations
 19996 | D:11     | Found Huololy's Armour Emporium.
 20007 | D:11     | Found a staircase to the Orcish Mines.
 20036 | D:11     | Found Yfrooh's Weapon Emporium.
 20203 | D:11     | Bought a +1 flail of protection for 145 gold pieces
 20714 | Orc:1    | Entered Level 1 of the Orcish Mines
 20751 | Orc:2    | Entered Level 2 of the Orcish Mines
 21086 | Orc:2    | Received a gift from Okawaru
 21095 | Orc:2    | Got a pitted flail {god gift}
 21103 | Orc:1    | Identified the +6 flail of Purpose {drain, *Contam +Blink Str+3 Int+2} (Okawaru gifted it to you on level 2 of the Orcish Mines)
 21265 | Orc:2    | Reached skill level 10 in Fighting
 21265 | Orc:2    | Reached skill level 13 in Invocations
 21809 | Orc:2    | Reached XP level 14. HP: 99/99 MP: 23/23
 22427 | Orc:2    | Found a staircase to the Elven Halls.
 23501 | Orc:2    | Noticed an orc warlord
 23716 | Orc:2    | Found a roughly hewn altar of Beogh.
 24547 | Orc:2    | Found Dutoimum's Antique Armour Emporium.
 24578 | Orc:2    | Found Vaenejoh's Assorted Antiques.
 24587 | Orc:2    | Demolished by an orc knight

Vault maps used:
D:1:      nzn_arrival_depleted_hourglass, kennysheep_nondescript
D:2:      makhleb_altar_promises_db, lemuel_round_altar, grunt_ministairs_10,
          uniq_terence
D:3:      hangedman_feature_mirror
D:4:      kennysheep_mini_moat, minmay_temple_entry_from_below_a
D:5:      grunt_temple_overflow_bloody_war, minitemple, first_bread,
          st_stairs_7, fedhas_altar_1
D:7:      marbit_many_paths, serial_shops, nicolae_shop_statue_plus
D:8:      minmay_orc_keep
D:9:      minmay_curly_fans, lair_entry_dummy
D:10:     serial_glass, glass_columns_a, glass_columns_a
D:11:     orc_david_3
Temple:   dpeg_chambers_temple
Lair:1:   uniq_fannar
Lair:2:   minmay_snake_entry_six_corridors, beast_lair_carwin_10
Lair:3:   minmay_shoals_entry_hut, basic_altar, uniq_harold
Lair:4:   cheibrodos_lair_caveside_slide
Orc:2:    pubby_orc_utopia, serial_shops

Skill      XL: |  1  2  3  4  5  6  7  8  9 10 11 12 13 14 |
---------------+-------------------------------------------+-----
Fighting       | 2 3 4 5 7 8 9 10 11 | 11.1
Maces & Flails | 1 2 3 4 6 7 8 9 |  9.8
Shields        | 2 3 4 7 |  7.2
Invocations    | 2 5 7 8 9 10 13 | 13.9
Dodging        | 3 7 |  7.0
Stealth        | 5 6 8 12 | 12.3
Evocations     | 4 6 |  6.6
Short Blades   | |  1.0

Action                   |  1- 3 |  4- 6 |  7- 9 | 10-12 | 13-15 || total
-------------------------+-------+-------+-------+-------+-------++-------
Melee: Short sword       |    41 |       |       |       |       ||    41
       Tentacles         |    10 |    34 |    53 |    68 |   156 ||   321
       Constrict         |    20 |    43 |    50 |    34 |    96 ||   243
       Mace              |    24 |   149 |   192 |    36 |       ||   401
       Flail             |       |       |    65 |       |   381 ||   446
       Punch             |       |       |     6 |     6 |     5 ||    17
       Morningstar       |       |       |       |   256 |   263 ||   519
Throw: Javelin           |       |       |    28 |     4 |    14 ||    46
Invok: Heroism           |       |       |    10 |    13 |    18 ||    41
       Finesse           |       |       |       |     1 |     3 ||     4
 Abil: Blink             |       |       |     7 |     2 |     1 ||    10
       Evoke Berserk Rag |       |       |       |     2 |     4 ||     6
       Evoke Blink       |       |       |       |       |     1 ||     1
Evoke: Wand              |     2 |     6 |    22 |     3 |     6 ||    39
  Use: Potion            |     3 |     4 |     4 |     1 |     1 ||    13
       Scroll            |     4 |     6 |    12 |     9 |     9 ||    40
 Stab: Sleeping          |    12 |    11 |     7 |    21 |    34 ||    85
       Distracted        |       |       |       |     1 |     2 ||     3
  Eat: Chunk             |     2 |     9 |     6 |    10 |    13 ||    40
       Royal jelly       |       |     1 |       |     1 |     1 ||     3
       Fruit             |       |       |     5 |     1 |     2 ||     8
       Meat ration       |       |       |     1 |       |       ||     1
       Bread ration      |       |       |     2 |       |     3 ||     5
Armor: Skin              |     6 |    10 |    11 |     3 |    11 ||    41
Dodge: Dodged            |    49 |   135 |   193 |   248 |   477 ||  1102
Block: Buckler           |       |     7 |    73 |    99 |   282 ||   461

Table legend:
 A = Spawn XP
 B = Non-spawn XP
 C = Spawn XP percentage of total XP
 D = Spawn monster count
 E = Non-spawn monster count
 F = Spawn count percentage of total count
 G = Total turns spent on level
                    A         B        C        D         E        F      G
               +---------+---------+-------+---------+---------+-------+---------
         Total |       0 |   50717 |   0.0 |       0 |     504 |   0.0 | 24587
               +---------+---------+-------+---------+---------+-------+---------
           D:1 |       0 |      45 |   0.0 |       0 |      24 |   0.0 |  1444
           D:2 |       0 |     147 |   0.0 |       0 |      26 |   0.0 |   933
           D:3 |       0 |     132 |   0.0 |       0 |      29 |   0.0 |  1400
           D:4 |       0 |     170 |   0.0 |       0 |      11 |   0.0 |  1129
           D:5 |       0 |     214 |   0.0 |       0 |      13 |   0.0 |  1129
           D:6 |       0 |     637 |   0.0 |       0 |      15 |   0.0 |  1107
           D:7 |       0 |     933 |   0.0 |       0 |      26 |   0.0 |  2485
           D:8 |       0 |    1363 |   0.0 |       0 |      38 |   0.0 |  1477
           D:9 |       0 |    2881 |   0.0 |       0 |      33 |   0.0 |  1498
          D:10 |       0 |    4875 |   0.0 |       0 |      30 |   0.0 |  1184
          D:11 |       0 |    5508 |   0.0 |       0 |      34 |   0.0 |   985
        Lair:1 |       0 |    4997 |   0.0 |       0 |      21 |   0.0 |  1891
        Lair:2 |       0 |    5135 |   0.0 |       0 |      35 |   0.0 |  1576
        Lair:3 |       0 |    5427 |   0.0 |       0 |      20 |   0.0 |  1324
        Lair:4 |       0 |    4374 |   0.0 |       0 |      13 |   0.0 |   947
         Orc:1 |       0 |    1367 |   0.0 |       0 |      26 |   0.0 |   993
         Orc:2 |       0 |   12512 |   0.0 |       0 |     110 |   0.0 |  2880
               +---------+---------+-------+---------+---------+-------+---------
